 Dungeon Crawl Stone Soup version 0.27-a0-13-g87abb2d9eb (webtiles) character file.

Game seed: 15693963148931353675

115 pistachioham the Vexing (level 5, -2/40 HPs)
             Began as a Gnoll Arcane Marksman on Jan 3, 2021.
             Hit by a boomerang thrown by an orc warrior (9 damage)
             ... on level 3 of the Dungeon.
             The game lasted 00:18:42 (2932 turns).

pistachioham the Vexing (Gnoll Arcane Marksman)     Turns: 2932, Time: 00:18:42

Health: -2/40      AC:  2    Str: 12    XL:     5   Next: 0%
Magic:  7/9        EV: 19    Int: 16    God:
Gold:   79         SH:  0    Dex: 16    Spells: 4/10 levels left

rFire    . . .     SeeInvis .   a - +0 shortbow
rCold    . . .     Faith    .   (shield currently unavailable)
rNeg     . . .     Spirit   .   e - +0 robe
rPois    .         Reflect  .   (no helmet)
rElec    .         Harm     .   (no cloak)
rCorr    .         Rampage  .   (no gloves)
Will     .....                  (no boots)
Stlth    ++........             (no amulet)
HPRegen  0.13/turn              l - ring of wizardry
MPRegen  0.11/turn              s - +4 ring of evasion

@: no status effects
A: distributed training, fangs 1, strong nose
a: no special abilities


You were on level 3 of the Dungeon.
You visited 1 branch of the dungeon, and saw 3 of its levels.

You collected 79 gold pieces.

Inventory:

Hand Weapons
 a - a +0 shortbow (weapon)
 b - a +0 short sword
Missiles
 d - 69 arrows (quivered ammo)
Armour
 e - a +0 robe (worn)
 r - a scarf of shadows
Jewellery
 l - a ring of wizardry (left hand)
 s - a +4 ring of evasion (right hand)
Wands
 t - a wand of disintegration (13)
Scrolls
 i - 7 scrolls of teleportation {unknown}
 j - a scroll of enchant weapon {unknown}
 q - a scroll of identify {unknown}
Potions
 c - a potion of heal wounds {unknown}
 f - a potion of curing {unknown}
 g - a potion of brilliance {unknown}
 h - 2 potions of degeneration {unknown}
 k - a potion of magic {unknown}
 m - a potion of mutation {unknown}
 n - a potion of attraction {unknown}
 o - a potion of flight {unknown}
 p - 2 potions of cancellation {unknown}


   Skills:
 + Level 2.8 Fighting
 + Level 1.3 Short Blades
 + Level 1.3 Long Blades
 + Level 1.3 Axes
 + Level 1.3 Maces & Flails
 + Level 1.3 Polearms
 + Level 1.3 Staves
 + Level 1.3 Slings
 + Level 4.7 Bows
 + Level 1.3 Crossbows
 + Level 1.3 Throwing
 + Level 1.3 Armour
 + Level 4.7 Dodging
 + Level 1.3 Stealth
 + Level 1.3 Shields
 + Level 1.3 Unarmed Combat
 + Level 3.1 Spellcasting
 + Level 1.0 Conjurations
 + Level 5.5 Hexes
 + Level 1.0 Summonings
 + Level 1.0 Necromancy
 + Level 1.0 Translocations
 + Level 1.0 Transmutations
 + Level 1.0 Fire Magic
 + Level 1.0 Ice Magic
 + Level 1.0 Air Magic
 + Level 1.0 Earth Magic
 + Level 1.0 Poison Magic
 + Level 1.4 Invocations
 + Level 1.3 Evocations


You had 4 spell levels left.
You knew the following spells:

 Your Spells              Type           Power        Failure   Level
a - Corona                Hex            22%          1%          1
b - Slow                  Hex            20%          1%          2
c - Portal Projectile     Hex/Tloc       26%          6%          3

Your spell library contained the following spells:

 Spells                   Type           Power        Failure   Level
 Inner Flame              Hex/Fire       13%          6%          3
 Cause Fear               Hex            10%          8%          4
 Leda's Liquefaction      Hex/Erth       6%           19%         4


Dungeon Overview and Level Annotations

Branches:
Dungeon (3/15)

Altars:


Innate Abilities, Weirdness & Mutations

Your experience applies equally to all skills.
You have very sharp teeth.
Your uncanny sense of smell can sniff out nearby items.


Message History

The boomerang hits you!
The weapon returns to the orc warrior!
Fire: 71 arrows
Press: ? - help, Q - select action, (/) - cycle Shift-Dir - straight line, f/p - orc warrior
Aim: an orc warrior, wielding a +0 mace, wearing a +0 plate armour and quivering 4 boomerangs (moderately wounded, softly glowing)
You shoot an arrow.
The arrow hits the orc warrior but does no damage.
The orc warrior is moderately wounded.
The orc priest miscasts a cantrip.
The orc warrior throws a boomerang.
The boomerang completely misses you.
The weapon returns to the orc warrior!
Fire: 70 arrows
Press: ? - help, Q - select action, (/) - cycle Shift-Dir - straight line, f/p - orc warrior
Aim: an orc warrior, wielding a +0 mace, wearing a +0 plate armour and quivering 4 boomerangs (moderately wounded, softly glowing)
You shoot an arrow.
The arrow hits the orc warrior but does no damage.
The orc warrior is moderately wounded.
The orc warrior throws a boomerang.
The boomerang hits you!
* * * LOW HITPOINT WARNING * * *
The orc warrior throws a boomerang.
The boomerang hits you!
You die...

# ..###+#######...o.# #
##.##.......##.###o. .
...#......†.....#.#
#######.#........#.#.#.#
.................#.#∆#.#
.###....)........#.# #o#
.# #............<#.. #(#
.###............######o#
................@...ooo#
.####......#############
.#..+.......#
.#.##....#..#
.#.##....#..# .#.#######
.# ........##..#
...........>
........###...


You could see an orc warrior (corona), an orc priest and 2 orcs.

Vanquished Creatures
  3 adders
  3 worms
  5 dart slugs
  2 leopard geckos
  5 orcs (D:3)
  9 bats
  4 giant cockroaches
  5 goblins
  7 hobgoblins
  2 jackals (D:3)
  3 quokkas (D:2)
  3 frilled lizards
  7 kobolds
  3 rats
61 creatures vanquished.

Notes
Turn   | Place    | Note
-------+----------+-------------------------------------------
     0 | D:1      | pistachioham the Gnoll Arcane Marksman began the quest for
                  | the Orb.
     0 | D:1      | Reached XP level 1. HP: 17/17 MP: 4/4
    99 | D:1      | Reached XP level 2. HP: 15/23 MP: 3/5
   773 | D:1      | Learned a level 2 spell: Slow
   872 | D:2      | Reached XP level 3. HP: 28/28 MP: 5/7
  1074 | D:2      | Reached skill level 1 in Invocations
  1504 | D:2      | Reached skill level 1 in Short Blades
  1504 | D:2      | Reached skill level 1 in Long Blades
  1504 | D:2      | Reached skill level 1 in Axes
  1504 | D:2      | Reached skill level 1 in Maces & Flails
  1504 | D:2      | Reached skill level 1 in Polearms
  1504 | D:2      | Reached skill level 1 in Staves
  1504 | D:2      | Reached skill level 1 in Slings
  1504 | D:2      | Reached skill level 1 in Crossbows
  1504 | D:2      | Reached skill level 1 in Throwing
  1504 | D:2      | Reached skill level 1 in Armour
  1504 | D:2      | Reached skill level 1 in Stealth
  1504 | D:2      | Reached skill level 1 in Shields
  1504 | D:2      | Reached skill level 1 in Unarmed Combat
  1504 | D:2      | Reached skill level 1 in Evocations
  1504 | D:2      | Reached XP level 4. HP: 34/34 MP: 8/8
  1520 | D:2      | Learned a level 3 spell: Portal Projectile
  2673 | D:3      | Reached skill level 1 in Conjurations
  2673 | D:3      | Reached skill level 1 in Summonings
  2673 | D:3      | Reached skill level 1 in Necromancy
  2673 | D:3      | Reached skill level 1 in Translocations
  2673 | D:3      | Reached skill level 1 in Transmutations
  2673 | D:3      | Reached skill level 1 in Fire Magic
  2673 | D:3      | Reached skill level 1 in Ice Magic
  2673 | D:3      | Reached skill level 1 in Air Magic
  2673 | D:3      | Reached skill level 1 in Earth Magic
  2673 | D:3      | Reached skill level 1 in Poison Magic
  2889 | D:3      | Noticed an orc warrior
  2899 | D:3      | Reached XP level 5. HP: 40/40 MP: 7/9
  2932 | D:3      | Hit by a boomerang thrown by an orc warrior

Illustrated notes

Levels and vault maps discovered:
D:1:      nicolae_arrival_memento_mori, layout_basic, st_stairs_13,
          feat_on_display
D:2:      minmay_skewed_foursquare, layout_basic
D:3:      layout_basic, kennysheep_generic_room_7, uniq_ijyb

Skill      XL: |  1  2  3  4 |
---------------+-------------+-----
Invocations    | 1 |  1.4
Short Blades   | 1 |  1.3
Long Blades    | 1 |  1.3
Axes           | 1 |  1.3
Maces & Flails | 1 |  1.3
Polearms       | 1 |  1.3
Staves         | 1 |  1.3
Slings         | 1 |  1.3
Crossbows      | 1 |  1.3
Throwing       | 1 |  1.3
Armour         | 1 |  1.3
Stealth        | 1 |  1.3
Shields        | 1 |  1.3
Unarmed Combat | 1 |  1.3
Evocations     | 1 |  1.3
Spellcasting   | 3 |  3.1
Conjurations   | 1 |  1.0
Summonings     | 1 |  1.0
Necromancy     | 1 |  1.0
Translocations | 1 |  1.0
Transmutations | 1 |  1.0
Fire Magic     | 1 |  1.0
Ice Magic      | 1 |  1.0
Air Magic      | 1 |  1.0
Earth Magic    | 1 |  1.0
Poison Magic   | 1 |  1.0
Fighting       | |  2.8
Bows           | |  4.7
Dodging        | |  4.7
Hexes          | |  5.5

Action                   |  1- 3 |  4- 6 || total
-------------------------+-------+-------++-------
Melee: Unarmed           |    25 |       ||    25
       Bite              |     8 |     3 ||    11
       Short sword       |    68 |    51 ||   119
       Club              |     2 |       ||     2
 Fire: Shortbow          |    32 |    60 ||    92
Throw: Stone             |     5 |       ||     5
 Cast: Corona            |    18 |    16 ||    34
 Stab: Sleeping          |     2 |     1 ||     3
Armor: Robe              |    12 |    11 ||    23
Dodge: Dodged            |    88 |    70 ||   158

Table legend: (Time is in decaauts)
 A = Elapsed time spent in this place.
 B = Non-inter-level travel time spent in this place.
 C = Inter-level travel time spent in this place.
 D = Time resting spent in this place.
 E = Time spent auto-exploring this place.
 F = Levels seen in this place.
 G = Mean time per level.
                   A        B        C        D        E       F      G
               +--------+--------+--------+--------+--------+-----+--------+
         Total |   2921 |   2824 |     97 |    476 |    860 |   3 |  973.7 |
       Dungeon |   2921 |   2824 |     97 |    476 |    860 |   3 |  973.7 |
               +--------+--------+--------+--------+--------+-----+--------+

Top non-repeatable levels by time:
     D:2: 1393 daAuts
     D:1: 846 daAuts
     D:3: 681 daAuts
